[Event "*** Titled Tuesday Blitz"]
[Site "Chess.com"]
[Date "2021.02.09"]
[Round "7"]
[White "LenkaPtacnikova"]
[Black "AurumO"]
[Result "0-1"]
[WhiteElo "2119"]
[BlackElo "1907"]
[TimeControl "180+1"]
[EndTime "11:17:48 PST"]
[Termination "AurumO won by resignation"]

1. c4 e6 2. g3 d5 3. Bg2 Nf6 4. Nf3 c5 5. cxd5 exd5 6. d4 h6 7. O-O Be6 8. Qa4+ Nc6 9. Ne5 Rc8 10. Nc3 Bd6 11. Nxc6 bxc6 12. dxc5 Bxc5 13. Bf4 O-O 14. Rac1 Bb6 15. Rfd1 Qe7 16. e4 Ng4 17. Rc2 Rfd8 18.
exd5 cxd5 19. h3 Nf6 20. Nxd5 Nxd5 21. Rxc8 Rxc8 22. Bxd5 Bxd5 23. Rxd5 Qe1+ 24. Kh2 Qxf2+ 0-1

[Event "*** Titled Tuesday Blitz"]
[Site "Chess.com"]
[Date "2021.02.09"]
[Round "7"]
[White "12teen"]
[Black "rasmussvane"]
[Result "1/2-1/2"]
[WhiteElo "2865"]
[BlackElo "2903"]
[TimeControl "180+1"]
[EndTime "11:17:50 PST"]
[Termination "Game drawn by repetition"]

1. b3 e5 2. Bb2 Nc6 3. e3 Nf6 4. Nf3 e4 5. Ng5 h6 6. Nh3 d5 7.
Nf4 Bd6 8. Nh5 Nxh5 9. Qxh5 Be5 10. Bxe5 g6 11. Qxg6 fxg6 12. Bxh8 Nb4 13. Na3 a5 14. c3 Nd3+ 15. Bxd3 exd3 16. c4 Bg4 17. O-O Be2 18.
Rfc1 Kd7 19. Bb2 Qh4 20. cxd5 Rf8 21. f4 Qg4 22. Kh1 Bf3 23. gxf3 Qxf3+ 24. Kg1 Qg4+ 25. Kf2 Rxf4+ 26. exf4 Qxf4+ 27. Kg1 Qg4+ 28. Kf2 Qf4+ 29. Kg2 Qg4+ 30. Kf2 Qf4+ 1/2-1/2

[Event "*** Titled Tuesday Blitz"]
[Site "Chess.com"]
[Date "2021.02.09"]
[Round "7"]
[White "Genghis_K"]
[Black "rogapa"]
[Result "1-0"]
[WhiteElo "2923"]
[BlackElo "2734"]
[TimeControl "180+1"]
[EndTime "11:17:50 PST"]
[Termination "Genghis_K won on time"]

1. e4 c6 2. Nf3 d5 3. Nc3 Bg4 4.
h3 Bxf3 5. Qxf3 Nf6 6. Be2 e6 7. O-O dxe4 8. Nxe4 Nxe4 9. Qxe4 Nd7 10. c3 Nf6 11.
Qf3 Bd6 12. d4 Nd5 13. Re1 Qc7 14. Bf1 O-O 15. g3 a5 16. Bd2 a4 17. Rad1 a3 18.
b3 Rfe8 19. Bd3 Bf8 20. Kg2 b5 21. h4 Rad8 22. h5 h6 23. Re2 b4 24. c4 Nc3 25. Bxc3 bxc3 26. Bc2 Bb4 27. Qd3 f5 28. Rde1 Qd6 29. Qf3 Qxd4 30. Rxe6 Rxe6 31. Rxe6 f4 32.
Qxc6 fxg3 33. Re8+ Rxe8 34. Qxe8+ Bf8 35. Qe6+ Kh8 36.
Kxg3 Qd6+ 37. Qxd6 Bxd6+ 38. Kf3 Bc5 39. Ke4 Bxf2 40. Kd5 Kg8 41. b4 Kf8 42. c5 Ke7 43. b5 Kd8 44. b6 Bg1 45. Kc6 Kc8 46. Kb5 Kb8 47. c6 Bh2 48. Kc4 Be5 49. Kd5 Bf4 50. Bd3 1-0

[Event "*** Titled Tuesday Blitz"]
[Site "Chess.com"]
[Date "2021.02.09"]
[Round "7"]
[White "MPGM"]
[Black "eduardoperalta"]
[Result "1-0"]
[WhiteElo "2622"]
[BlackElo "2407"]
[TimeControl "180+1"]
[EndTime "11:17:51 PST"]
[Termination "MPGM won by resignation"]

1. c4 Nf6 2. Nc3 g6 3. e4 d6 4.
d4 Bg7 5. h3 O-O 6. Be3 c5 7. Nf3 cxd4 8. Nxd4 Nc6 9. Be2 Bd7 10.
O-O Nxd4 11. Bxd4 Bc6 12. Qc2 Nd7 13. Bxg7 Kxg7 14. b4 b6 15. f4 Kg8 16. Rad1 Rc8 17.
Qd2 Qc7 18. Qe3 e5 19. f5 Kg7 20. g4 f6 21. h4 a5 22. a3 axb4 23. axb4 Ra8 24.
g5 Ra3 25. Qd2 Rxc3 26. Qxc3 Bxe4 27. fxg6 hxg6 28. gxf6+ Nxf6 29. Qe3 Ba8 30. Ra1 Qc6 31. Bf3 e4 32. Be2 d5 33. Ra7+ Rf7 34. Rxf7+ Kxf7 35. cxd5 Qxd5 36. Qxb6 Qe6 37. Bc4 Bd5 38. Qxe6+ Kxe6 39. Rxf6+ Kxf6 40. Bxd5 Ke5 1-0

[Event "*** Titled Tuesday Blitz"]
[Site "Chess.com"]
[Date "2021.02.09"]
[Round "7"]
[White "Legendinunknown"]
[Black "PowerThinking2650"]
[Result "1-0"]
[WhiteElo "2608"]
[BlackElo "2405"]
[TimeControl "180+1"]
[EndTime "11:17:51 PST"]
[Termination "Legendinunknown won by checkmate"]

1. e4 Nf6 2. e5 Nd5 3. c4 Nb6 4.
d4 d6 5. f4 g6 6. Nf3 Bg7 7. Nc3 O-O 8. Be3 Bg4 9. h3 Bxf3 10.
Qxf3 Nc6 11. Be2 dxe5 12. dxe5 Nd4 13. Qe4 Nxe2 14. Kxe2 c6 15. h4 Qc8 16. h5 Qg4+ 17. Kf2 f5 18. Qd4 Rad8 19. Qc5 Rd3 20. Rh3 Rfd8 21.
Ne2 e6 22. hxg6 hxg6 23. Qe7 Rxe3 24. Rxe3 Rd2 25. Qe8+ Bf8 26. Qxe6+ Kg7 27. Qf6+ Kg8 28. Rh1 Rxe2+ 29. Rxe2 Bc5+ 30. Ke1 Bb4+ 31. Kd1 Nxc4 32. Rh8# 1-0

[Event "*** Titled Tuesday Blitz"]
[Site "Chess.com"]
[Date "2021.02.09"]
[Round "7"]
[White "Kurkusha"]
[Black "Pantata007"]
[Result "1-0"]
[WhiteElo "2355"]
[BlackElo "2219"]
[TimeControl "180+1"]
[EndTime "11:17:51 PST"]
[Termination "Kurkusha won on time"]

1. d4 d5 2. Nf3 Nf6 3. c4 c6 4.
Nc3 e6 5. g3 dxc4 6. Ne5 c5 7.
dxc5 Qxd1+ 8. Nxd1 Bxc5 9. Nxc4 Nc6 10. Bg2 Bb4+ 11. Nc3 O-O 12. O-O Nd4 13. e3 Bxc3 14. bxc3 Ne2+ 15. Kh1 Nxc3 16. Bb2 Na4 17. Be5 Nd7 18.
Bd6 Re8 19. Na5 e5 20. Nxb7 e4 21. Na5 Ba6 22. Rfc1 Rac8 23. Nc6 Kh8 24. Nb4 Bb7 25. Bh3 Rxc1+ 26. Rxc1 Nf6 27. Rc7 Ba8 28. Rxa7 Nc3 29. a4 h5 30. Kg2 Rd8 31. Be7 Re8 32. Bxf6 gxf6 33. a5 Nd1 34. Rxf7 Nb2 35. Rxf6 Nc4 36. a6 Nd2 37. a7 Nf3 38. Rb6 1-0

[Event "*** Titled Tuesday Blitz"]
[Site "Chess.com"]
[Date "2021.02.09"]
[Round "7"]
[White "Fiona"]
[Black "zmeeed67"]
[Result "1-0"]
[WhiteElo "2147"]
[BlackElo "2304"]
[TimeControl "180+1"]
[EndTime "11:17:51 PST"]
[Termination "Fiona won on time"]

1. e4 c5 2. Nc3 Nc6 3. f4 g6 4. Nf3 Bg7 5. Bb5 Nd4 6. O-O Nxb5 7. Nxb5 d6 8. d3 Nf6 9. Kh1 O-O 10. Qe1 Bg4 11.
Qh4 c4 12. f5 cxd3 13. cxd3 h5 14. Nc3 Bxf3 15. Rxf3 Kh7 16. Ne2 Ng4 17. h3 Ne5 18.
Rg3 Rc8 19. Bg5 Bf6 20. Bxf6 exf6 21. Nf4 Rh8 22. d4 g5 23. Qxh5+ Kg7 24. Qe2 Nc4 25. Nh5+ Kf8 26. Rc1 Nb6 27. Rxc8 Qxc8 28. Nxf6 Qc1+ 29.
Kh2 Rh4 30. Qb5 Rf4 31. e5 Qc8 32. Rxg5 Ke7 33. Rg8 1-0

[Event "*** Titled Tuesday Blitz"]
[Site "Chess.com"]
[Date "2021.02.09"]
[Round "7"]
[White "Natalya_Buksa"]
[Black "AlexOstrovskiy"]
[Result "0-1"]
[WhiteElo "2566"]
[BlackElo "2763"]
[TimeControl "180+1"]
[EndTime "11:17:52 PST"]
[Termination "AlexOstrovskiy won by checkmate"]

1. d4 Nf6 2. Nc3 d5 3. Bf4 c5 4.
e3 cxd4 5. exd4 a6 6. Nf3 Nc6 7. Bd3 Bg4 8. Ne2 Bxf3 9. gxf3 Nb4 10. c3 Nxd3+ 11. Qxd3 e6 12. Be5 Nd7 13. Bg3 Qa5 14.
Rg1 g6 15. h4 h5 16. Bf4 O-O-O 17. a4 Nb8 18. b4 Qb6 19. b5 Bd6 20. Bxd6 Qxd6 21.
a5 axb5 22. Qxb5 Qa6 23. Qb2 Rhe8 24. Kf1 e5 25. Kg2 e4 26. Nf4 exf3+ 27. Kxf3 Re4 28. Rab1 Rde8 29. Nxd5 Qd3+ 30. Ne3 Rxe3+ 31. fxe3 Rxe3+ 32. Kf2 Rf3+ 33. Kg2 Rg3+ 34. Kh2 Rh3+ 35. Kg2 Qf3# 0-1

[Event "*** Titled Tuesday Blitz"]
[Site "Chess.com"]
[Date "2021.02.09"]
[Round "7"]
[White "Ladislav1969"]
[Black "Problematique_99"]
[Result "0-1"]
[WhiteElo "2311"]
[BlackElo "2458"]
[TimeControl "180+1"]
[EndTime "11:17:52 PST"]
[Termination "Problematique_99 won on time"]

1. e4 c5 2. d4 cxd4 3. c3 dxc3 4. Nxc3 d6 5. Nf3 Nc6 6. Bc4 a6 7. O-O Nf6 8. Bg5 Bg4 9. Qb3 e6 10. Qxb7 Na5 11. Qb4 Nxc4 12. Qxc4 Bxf3 13. Qc6+ Ke7 14.
Qb7+ Ke8 15. Qc6+ Ke7 16. gxf3 Qc8 17. Qa4 h6 18. Bh4 g5 19. Bg3 Nh5 20. Rfd1 Nxg3 21. hxg3 Kf6 22. Qd4+ e5 23. Qb6 Rb8 24. Rxd6+ Kg7 25.
Qxa6 Bxd6 26. Qxd6 Qe6 27. Qd2 f6 28. Nd5 h5 29. a4 h4 30. g4 h3 31. Kh2 Rb3 32. Qe2 Rhb8 33. Ra2 Qc6 34. a5 Qc1 35. Nb6 Qf4+ 36.
Kh1 Rxf3 37. Nd5 Qxg4 38. Qf1 Qxe4 0-1

[Event "*** Titled Tuesday Blitz"]
[Site "Chess.com"]
[Date "2021.02.09"]
[Round "7"]
[White "Cuajada_Zero"]
[Black "CHENNAIBOND"]
[Result "1-0"]
[WhiteElo "2197"]
[BlackElo "1677"]
[TimeControl "180+1"]
[EndTime "11:17:53 PST"]
[Termination "Cuajada_Zero won by resignation"]

1. d4 Nf6 2. c4 e6 3. Nc3 Bb4 4. e3 O-O 5. Ne2 Re8 6. a3 Bf8 7. d5 a5 8. b3 exd5 9. cxd5 Na6 10. g3 Nc5 11. Bg2 c6 12. Nf4 Bd6 13. O-O Bxf4 14.
exf4 Nfe4 15. Nxe4 Nxe4 16. Bb2 Qb6 17. Qc2 cxd5 18.
Rad1 Qc6 19. Qd3 b6 20. Qd4 Nf6 21. Bxd5 Qc5 22. Qxc5 bxc5 23. Bxa8 Ba6 24. Bf3 Bxf1 25. Kxf1 Re7 26. Bc3 a4 27. bxa4 d5 28. Bxf6 gxf6 29. Rxd5 Ra7 30. Rxc5 Rxa4 31. Rc3 Rd4 32. Bc6 Rd8 33. a4 Rb8 34. a5 Rb1+ 35. Kg2 Ra1 36. Rc5 Kf8 37. Bb7 Ke7 38. a6 Kd6 39. Rh5 h6 40.
Rxh6 1-0

[Event "*** Titled Tuesday Blitz"]
[Site "Chess.com"]
[Date "2021.02.09"]
[Round "7"]
[White "MF1966Idrisov"]
[Black "paulrusan"]
[Result "1-0"]
[WhiteElo "2402"]
[BlackElo "2242"]
[TimeControl "180+1"]
[EndTime "11:17:54 PST"]
[Termination "MF1966Idrisov won by resignation"]

1. Nf3 f5 2. b3 Nf6 3. Bb2 e6 4. c4 Be7 5. g3 O-O 6. Bg2 c6 7.
O-O d5 8. d3 Bd7 9. Nc3 Be8 10.
e4 Bh5 11. exf5 exf5 12. Qd2 d4 13. Ne2 c5 14. Nf4 Bf7 15. Ng5 Ne4 16. Nxf7 Nxd2 17.
Nxd8 Nxf1 18. Bxb7 Bxd8 19. Bxa8 Nd2 20. Bd5+ Kh8 21.
Rd1 Ba5 22. Ne6 Re8 23. Nxc5 Bc3 24. Na4 Nd7 25. Bxc3 dxc3 26. Nxc3 Nf6 27. Rxd2 Re1+ 28. Kg2 h5 29. h4 f4 30. Ne4 Nxd5 31. cxd5 fxg3 32.
Kxg3 Kg8 33. Rc2 Kf7 34. Rc7+ Ke8 35. d6 Rd1 36. Nc5 a5 37. Rc8+ Kf7 38. d7 1-0

[Event "*** Titled Tuesday Blitz"]
[Site "Chess.com"]
[Date "2021.02.09"]
[Round "7"]
[White "Kostukov_Alex"]
[Black "skoularikii"]
[Result "1-0"]
[WhiteElo "2386"]
[BlackElo "2491"]
[TimeControl "180+1"]
[EndTime "11:17:55 PST"]
[Termination "Kostukov_Alex won on time"]

1. g3 d5 2. Bg2 Nf6 3. d3 g6 4. e4 dxe4 5. dxe4 Qxd1+ 6. Kxd1 Nc6 7. f3 Be6 8. Be3 O-O-O+ 9. Nd2 Bg7 10. Bh3 Nd7 11.
Bxe6 fxe6 12. c3 Rhf8 13. Ke2 Nde5 14. Nh3 Nd3 15. Rab1 h6 16. Nf4 Nxf4+ 17. Bxf4 g5 18. Be3 Ne5 19. h4 g4 20. f4 Nd3 21. e5 h5 22. Ne4 Bxe5 23. fxe5 Nxe5 24. Bf4 Ng6 25.
Bg5 Rf3 26. Rhf1 Rdf8 27. Rbd1 Ne5 28. Bxe7 Re8 29. Bg5 b6 30. Bf4 Nc4 31. b3 e5 32.
Bg5 Nb2 33. Rd2 Ref8 34. Rxf3 gxf3+ 35. Kf2 1-0

[Event "*** Titled Tuesday Blitz"]
[Site "Chess.com"]
[Date "2021.02.09"]
[Round "7"]
[White "anon481216"]
[Black "NikolasTheiss"]
[Result "1-0"]
[WhiteElo "2473"]
[BlackElo "2323"]
[TimeControl "180+1"]
[EndTime "11:17:55 PST"]
[Termination "anon481216 won on time"]

1. d4 g5 2. Bxg5 Bg7 3. Nf3 c5 4. c3 Qb6 5. Qb3 Nc6 6. e3 Nf6 7. Nbd2 d6 8. dxc5 Qxc5 9. Bd3 Be6 10. Qb5 O-O-O 11. Qxc5 dxc5 12. Ke2 Bg4 13. h3 Ne5 14.
Bc2 Nxf3 15. Nxf3 Be6 16. Bb3 Nd5 17. Rad1 f6 18. Bh4 a5 19. Bg3 a4 20. Bxa4 f5 21. Bb3 b5 22. Be5 Rhg8 23. g3 c4 24. Bc2 Nf6 25. Nd4 Rxd4 26. Rxd4 Bd5 27. Rhd1 e6 28. f3 Nd7 29. Bxg7 Rxg7 30. Kf2 1-0

[Event "*** Titled Tuesday Blitz"]
[Site "Chess.com"]
[Date "2021.02.09"]
[Round "7"]
[White "noblerone"]
[Black "VladimirBugayev"]
[Result "1-0"]
[WhiteElo "2413"]
[BlackElo "2278"]
[TimeControl "180+1"]
[EndTime "11:17:55 PST"]
[Termination "noblerone won on time"]

1. d4 Nf6 2. Nf3 g6 3. Bg5 Bg7 4. Nbd2 d5 5. e3 c6 6. Bd3 Bg4 7. h3 Bxf3 8. Nxf3 Nbd7 9. c3 O-O 10. O-O Qb6 11. Rb1 Rfe8 12. c4 dxc4 13. Bxc4 e6 14. a3 Ne4 15. Bf4 Rad8 16. Qc2 Nef6 17.
Bg5 h6 18. Bh4 Rc8 19. b4 a6 20. Rfd1 Nh5 21. g4 Nhf6 22. Kg2 h5 23. g5 Nh7 24. Bg3 Nhf8 25. h4 Qa7 26. Rd3 Nb6 27. Bb3 Nfd7 28.
Rbd1 a5 29. Bd6 axb4 30. axb4 1-0

[Event "*** Titled Tuesday Blitz"]
[Site "Chess.com"]
[Date "2021.02.09"]
[Round "7"]
[White "kirillshevchenko"]
[Black "FontVella8"]
[Result "1-0"]
[WhiteElo "2808"]
[BlackElo "2573"]
[TimeControl "180+1"]
[EndTime "11:17:59 PST"]
[Termination "kirillshevchenko won by resignation"]

1. e4 e5 2. d3 Nc6 3. Nc3 Bc5 4. g3 Nf6 5. Bg2 h5 6. h3 a6 7. Nge2 d6 8. Bg5 Be6 9. O-O h4 10. g4 Qd7 11. Bxf6 gxf6 12. Nd5 O-O-O 13. Kh2 Kb8 14.
f4 Bxd5 15. exd5 Ne7 16. f5 c6 17. dxc6 bxc6 18. b4 Bb6 19. a4 d5 20. b5 cxb5 21. axb5 a5 22. Nc3 Qc7 23. Na4 Be3 24. b6 Qc6 25.
Qe1 Bg5 26. Qxa5 Nc8 27. Nc5 e4 28. b7 Nb6 29. Qa7+ 1-0

[Event "*** Titled Tuesday Blitz"]
[Site "Chess.com"]
[Date "2021.02.09"]
[Round "7"]
[White "crazy_but_lazy"]
[Black "ljuks68"]
[Result "1-0"]
[WhiteElo "2507"]
[BlackElo "2376"]
[TimeControl "180+1"]
[EndTime "11:17:59 PST"]
[Termination "crazy_but_lazy won on time"]

1. e4 e6 2. d4 d5 3. Bd3 dxe4 4. Bxe4 Nf6 5. Bf3 Nbd7 6. Ne2 Bd6 7. O-O e5 8. Nbc3 O-O 9. Bg5 h6 10. Bxf6 Nxf6 11. Re1 Bf5 12. Ng3 exd4 13. Nxf5 dxc3 14. bxc3 Bf4 15. g3 Bd6 16. Bxb7 Rb8 17. Bf3 Bc5 18.
Rb1 Rxb1 19. Qxb1 Qd7 20. Ne3 Re8 21. Nc4 Qf5 22. Rxe8+ Nxe8 23. Qd1 Nf6 24. Qd3 Qg5 25. Kg2 h5 26. Qd8+ Kh7 27. Qxc7 h4 28. Qxf7 hxg3 29. hxg3 Ng4 30. Bxg4 Qxg4 31. Qd5 Bb6 32. Nxb6 axb6 33.
Qd4 Qg6 34. Qd3 1-0

[Event "*** Titled Tuesday Blitz"]
[Site "Chess.com"]
[Date "2021.02.09"]
[Round "7"]
[White "TheSodabread"]
[Black "niki_2003"]
[Result "1-0"]
[WhiteElo "2112"]
[BlackElo "2037"]
[TimeControl "180+1"]
[EndTime "11:17:59 PST"]
[Termination "TheSodabread won by checkmate"]

1. e4 c5 2. d4 cxd4 3. c3 Nf6 4.
e5 Nd5 5. Bc4 e6 6. cxd4 d6 7.
Nf3 Nc6 8. O-O a6 9. Qe2 b5 10. Bxd5 exd5 11. exd6+ Be6 12. Nc3 Bxd6 13. Bg5 Qd7 14. Ne5 Nxd4 15. Nxd7 Nxe2+ 16. Nxe2 Kxd7 17. Nd4 h6 18. Bh4 g5 19. Bg3 Rac8 20. Rfe1 Rhe8 21. Rad1 Rc4 22. b3 Rcc8 23. Kf1 Bb4 24. Re2 Bd6 25. f3 Bxg3 26. hxg3 Kd6 27. Rde1 Kd7 28. g4 Rc3 29. Kf2 Rd3 30. Nf5 Rh8 31. Ng7 Rc8 32. Nxe6 fxe6 33.
Rxe6 Rc2+ 34. Kg3 Rxa2 35. Rxh6 Rxb3 36. Re5 Rd3 37. Rxg5 Rdd2 38. Rg7+ Ke8 39. Rh8# 1-0

[Event "*** Titled Tuesday Blitz"]
[Site "Chess.com"]
[Date "2021.02.09"]
[Round "7"]
[White "night_player"]
[Black "Joseacorrea"]
[Result "0-1"]
[WhiteElo "2208"]
[BlackElo "2023"]
[TimeControl "180+1"]
[EndTime "11:18:00 PST"]
[Termination "Joseacorrea won by resignation"]

1. e4 c5 2. c3 d5 3. exd5 Qxd5 4. d4 Nf6 5. Nf3 Bg4 6. Be2 Nc6 7. O-O cxd4 8. cxd4 e6 9. Nc3 Qd7 10. h3 Bxf3 11.
Bxf3 Nxd4 12. Bxb7 Qxb7 13. Qxd4 Be7 14. Qa4+ Qd7 15.
Qxd7+ Nxd7 16. Rd1 Nf6 17. Be3 a6 18. Rac1 O-O 19.
Na4 Rfd8 20. Kf1 Nd5 21. Bc5 Bf6 22. b3 Rac8 23. b4 Rd7 24. Nb6 Nxb6 25. Bxb6 Rxc1 26.
Rxc1 g6 27. Ke2 Kg7 28. Rc7 Rd5 29. Ra7 Re5+ 30. Kd3 Rd5+ 31. Kc2 Rd6 32. a4 Rxb6 33.
Kb3 Bd4 34. f3 Rxb4+ 35. Kxb4 Bxa7 36. Ka5 Kf6 37. Kxa6 Be3 38. Kb5 Kf5 39. Kc4 Kf4 40.
Kd3 Ba7 41. Ke2 Kg3 42. Kf1 e5 0-1

[Event "*** Titled Tuesday Blitz"]
[Site "Chess.com"]
[Date "2021.02.09"]
[Round "7"]
[White "LucaBrasi1968"]
[Black "Witik"]
[Result "0-1"]
[WhiteElo "2530"]
[BlackElo "2714"]
[TimeControl "180+1"]
[EndTime "11:18:03 PST"]
[Termination "Witik won on time"]

1. d4 d5 2. Nf3 e6 3. Bf4 Bd6 4.
Bg3 f5 5. e3 Nf6 6. Nc3 O-O 7.
Bd3 Ne4 8. Ne2 Nd7 9. c3 Nxg3 10. hxg3 e5 11. dxe5 Nxe5 12. Nxe5 Bxe5 13. Qc2 g6 14. O-O-O c6 15. c4 Qa5 16. cxd5 cxd5 17. Kb1 Be6 18. Nd4 Bf7 19. Qd2 Qb6 20. Be2 Rac8 21. Bf3 Rfd8 22.
Rc1 Rc4 23. Be2 Rxd4 24. exd4 Bxd4 25. Rcd1 Bf6 26. Bf3 h5 27. Qc2 Kg7 28. Rd2 d4 29. Rhd1 Re8 30. Be2 Qa5 31. Bd3 Bxa2+ 32. Kc1 Be6 33.
Bc4 Qa1+ 34. Qb1 Qxb1+ 35. Kxb1 Bxc4 36. Rc1 Bd5 37. f3 Bc6 0-1

[Event "*** Titled Tuesday Blitz"]
[Site "Chess.com"]
[Date "2021.02.09"]
[Round "7"]
[White "FlySooHigh"]
[Black "Forantes"]
[Result "1-0"]
[WhiteElo "2590"]
[BlackElo "2385"]
[TimeControl "180+1"]
[EndTime "11:18:03 PST"]
[Termination "FlySooHigh won by resignation"]

1. e4 c5 2. Nf3 Nc6 3. Bb5 a6 4. Bxc6 dxc6 5. d3 Qc7 6. Nbd2 e5 7. Nc4 Bd6 8. a4 a5 9. O-O Ne7 10. Nh4 O-O 11. Qh5 Ng6 12. Nf5 Be7 13. Bd2 b6 14.
Nxe7+ Qxe7 15. Nxb6 Rb8 16. Nxc8 Rfxc8 17. b3 Qc7 18. g3 Re8 19. Bc3 Rbd8 20. Rae1 Nf8 21. f4 exf4 22. gxf4 Ne6 23. Qg4 Nd4 24. Qg2 Qe7 25.
Bxa5 Rd6 26. Kh1 Rg6 27. Qf2 Rh6 28. Bc3 Ne6 29. Rg1 f6 30. Rg2 Qf7 31. Reg1 Qh5 32. f5 Ng5 33. Bd2 Re5 34. Bxg5 fxg5 35. Rxg5 Qh3 36.
Rxg7+ Kf8 37. Qg3 Qh5 38. Rg8+ Ke7 39. Qg7+ 1-0

[Event "*** Titled Tuesday Blitz"]
[Site "Chess.com"]
[Date "2021.02.09"]
[Round "7"]
[White "youngKID"]
[Black "swisspower96"]
[Result "1-0"]
[WhiteElo "2850"]
[BlackElo "2682"]
[TimeControl "180+1"]
[EndTime "11:18:04 PST"]
[Termination "youngKID won by resignation"]

1. e4 e5 2. Nf3 Nf6 3. Nxe5 d6 4. Nf3 Nxe4 5. Nc3 Nxc3 6. dxc3 Be7 7. Be3 O-O 8. Qd2 Nd7 9. Bd3 Nf6 10. O-O-O c5 11.
Kb1 Be6 12. Ng5 Bg4 13. f3 Bd7 14. h4 d5 15. Nxh7 Re8 16. Nxf6+ Bxf6 17. Bxc5 a5 18. Bd4 a4 19. a3 Bxd4 20. cxd4 Re6 21. h5 Qf6 22. h6 gxh6 23. Rh5 Kg7 24. Rxd5 Bc6 25.
Rf5 Qd8 26. d5 Bxd5 27. Qc3+ f6 28. Bc4 Bxc4 29. Rxd8 Rxd8 30. Qxc4 Re1+ 31. Ka2 Rdd1 32. Qxa4 1-0

[Event "*** Titled Tuesday Blitz"]
[Site "Chess.com"]
[Date "2021.02.09"]
[Round "7"]
[White "dozer80"]
[Black "KuzubovYuriy"]
[Result "1-0"]
[WhiteElo "2622"]
[BlackElo "2801"]
[TimeControl "180+1"]
[EndTime "11:18:04 PST"]
[Termination "dozer80 won by resignation"]

1. e4 c5 2. Nf3 Nc6 3. Nc3 g6 4. g3 Nf6 5. Bg2 d5 6. exd5 Nxd5 7. O-O Bg7 8. d3 Nxc3 9. bxc3 O-O 10. Bd2 b6 11. Re1 Bb7 12. Rb1 Qd7 13. h4 Rad8 14.
h5 e5 15. c4 Rde8 16. Ng5 Nd4 17. Ne4 f5 18. Nxc5 bxc5 19. Rxb7 Qd6 20. c3 Ne6 21. Bd5 Re7 22. Rxe7 Qxe7 23. hxg6 hxg6 24. Qa4 Bf6 25. Qc6 Re8 26. d4 e4 27. Rb1 cxd4 28. Rb7 Qxb7 29.
Qxb7 dxc3 30. Bxc3 Bxc3 31. Qd7 Rf8 32. Bxe6+ Kh8 33.
Qe7 Rb8 34. c5 e3 35. fxe3 g5 36. Bxf5 1-0

[Event "*** Titled Tuesday Blitz"]
[Site "Chess.com"]
[Date "2021.02.09"]
[Round "7"]
[White "serhanberat_ozdemir"]
[Black "azikom"]
[Result "1-0"]
[WhiteElo "2495"]
[BlackElo "2638"]
[TimeControl "180+1"]
[EndTime "11:18:05 PST"]
[Termination "serhanberat_ozdemir won on time"]

1. e4 c6 2. d4 d5 3. exd5 cxd5 4. c4 Nf6 5. Nc3 e6 6. Nf3 Be7 7. Bd3 dxc4 8. Bxc4 O-O 9. O-O Nc6 10. Be3 b6 11.
Rc1 Bb7 12. a3 Na5 13. Ba2 Nd5 14. Ne5 Rc8 15. Qg4 Nxc3 16. Rxc3 Rxc3 17. bxc3 Qd6 18. Bf4 Qxa3 19. Bxe6 fxe6 20. Qxe6+ Kh8 21. Nf7+ Rxf7 22. Qxf7 Bf8 23. Re1 h6 24. h3 Bc6 25. d5 Ba4 26.
Be5 Qc5 27. Re3 Nc4 28. Bd4 Qc8 29. Rg3 1-0

[Event "*** Titled Tuesday Blitz"]
[Site "Chess.com"]
[Date "2021.02.09"]
[Round "7"]
[White "imdvb6307"]
[Black "MasterMK73"]
[Result "1-0"]
[WhiteElo "2377"]
[BlackElo "2228"]
[TimeControl "180+1"]
[EndTime "11:18:08 PST"]
[Termination "imdvb6307 won by resignation"]

1. c4 e6 2. Nf3 d5 3. g3 c6 4.
Bg2 f5 5. O-O Nf6 6. b3 Bd6 7.
d4 O-O 8. Nbd2 b6 9. Ne5 Bb7 10. Ndf3 Nbd7 11. Nd3 Rc8 12. Bf4 Qe7 13. Rc1 Ne4 14.
Bxd6 Qxd6 15. Nfe5 c5 16. Nxd7 Qxd7 17. f3 Nf6 18. dxc5 bxc5 19. cxd5 Qxd5 20. Nb2 Qc6 21.
Qc2 Qa6 22. Nc4 Nd5 23. a3 Bc6 24. e4 Ne7 25. Rfe1 Bb5 26. Bf1 Nc6 27. a4 Bxc4 28. Bxc4 Qb6 29. Bxe6+ Kh8 30. Bxc8 Nd4 31. Qc3 Rxc8 32. a5 Qb7 33. b4 h6 34. bxc5 fxe4 35. Qxd4 exf3 36. c6 Qf7 37. Rf1 Rf8 38. Rf2 Qc7 39. Qc5 1-0

[Event "*** Titled Tuesday Blitz"]
[Site "Chess.com"]
[Date "2021.02.09"]
[Round "7"]
[White "Spartakus1975"]
[Black "shaheus"]
[Result "1-0"]
[WhiteElo "2574"]
[BlackElo "2396"]
[TimeControl "180+1"]
[EndTime "11:18:10 PST"]
[Termination "Spartakus1975 won on time"]

1. e4 c5 2. c3 e5 3. Nf3 Nc6 4. Bc4 d6 5. O-O Be7 6. d4 Nf6 7. Re1 O-O 8. h3 cxd4 9. cxd4 a6 10. Nc3 b5 11. Bb3 Bb7 12. Bg5 h6 13. Bh4 b4 14.
Na4 Rc8 15. Rc1 Nxd4 16. Nxd4 Rxc1 17. Qxc1 exd4 18. Qc4 d5 19. exd5 Bxd5 20. Qxd4 Bxb3 21. Qxd8 Rxd8 22. axb3 Kf8 23. Nb6 Nd5 24. Nxd5 Bxh4 25.
Nxb4 Rd6 26. g3 Bf6 27. Ra1 Bxb2 28. Rxa6 Rd2 29. Nc6 g6 30. Ra2 Kg7 31. Kg2 h5 32. Ne5 Bc3 33. Rxd2 Bxd2 34. Kf3 Kf6 35. Nd3 1-0

[Event "*** Titled Tuesday Blitz"]
[Site "Chess.com"]
[Date "2021.02.09"]
[Round "7"]
[White "GOGIEFF"]
[Black "Evgeny81"]
[Result "0-1"]
[WhiteElo "2889"]
[BlackElo "2755"]
[TimeControl "180+1"]
[EndTime "11:18:11 PST"]
[Termination "Evgeny81 won by resignation"]

1. d4 d5 2. c4 c6 3. Nc3 Nf6 4. cxd5 cxd5 5. Bg5 Ne4 6. Nxe4 dxe4 7. a3 Qb6 8. Bd2 Bf5 9. e3 e6 10. Ne2 Nd7 11. Nc3 Be7 12. Bb5 Rd8 13. O-O O-O 14. b4 Nf6 15. Be2 Nd5 16. Na4 Qc7 17. Rc1 Qb8 18.
Nc5 Bd6 19. h3 b6 20. Na6 Qb7 21. Qa4 Qe7 22. f4 exf3 23. Bxf3 Qg5 24. g4 Qh4 25. Bg2 Qg3 26. gxf5 Nxe3 27. Bxe3 Qxe3+ 28. Kh1 Qg3 29.
Kg1 Qh2+ 30. Kf2 Bg3+ 31. Kf3 Bh4 32. Qc6 Rxd4 33. Rcd1 Qf4+ 34. Ke2 Qe5+ 0-1

[Event "*** Titled Tuesday Blitz"]
[Site "Chess.com"]
[Date "2021.02.09"]
[Round "7"]
[White "stasiek18"]
[Black "politeplayer"]
[Result "0-1"]
[WhiteElo "2362"]
[BlackElo "2194"]
[TimeControl "180+1"]
[EndTime "11:18:11 PST"]
[Termination "politeplayer won by resignation"]

1. e4 c5 2. Nf3 e6 3. d4 cxd4 4. Nxd4 Nc6 5. Nc3 Qc7 6. g3 a6 7.
Bg2 Nf6 8. O-O Nxd4 9. Qxd4 Bc5 10. Bf4 d6 11. Qd2 h6 12. Rad1 e5 13. Be3 Be6 14.
Na4 Bxe3 15. Qxe3 Qxc2 16. Nb6 Rd8 17. Rd2 Qc5 18. Qxc5 dxc5 19. Rfd1 Rxd2 20. Rxd2 Ke7 21. f4 Rd8 22. Rxd8 Kxd8 23. fxe5 Ng4 24. Na4 c4 25. Nc5 Kc7 26. Bh3 h5 27. Bxg4 hxg4 28. Kf2 Kc6 29. Nxe6 fxe6 30. Ke3 Kc5 31. Kf4 b5 32. Kxg4 b4 33. Kf4 Kd4 34. Kf3 Kd3 35.
h4 c3 36. bxc3 bxc3 37. Kf4 c2 38. Kg5 c1=Q+ 39. Kg6 Qg1 40. Kxg7 Qxg3+ 41. Kf6 Qxh4+ 42.
Kxe6 Qxe4 43. Kd6 Qb4+ 44. Kd5 Qc4+ 45. Kd6 Qxa2 46. e6 a5 47. e7 Qa3+ 48. Kd7 Qxe7+ 49.
Kxe7 a4 0-1

[Event "*** Titled Tuesday Blitz"]
[Site "Chess.com"]
[Date "2021.02.09"]
[Round "7"]
[White "bennyficial"]
[Black "Trickster_Pony"]
[Result "1-0"]
[WhiteElo "2194"]
[BlackElo "1490"]
[TimeControl "180+1"]
[EndTime "11:18:11 PST"]
[Termination "bennyficial won by resignation"]

1. e4 c5 2. Nf3 g6 3. c3 d5 4.
exd5 Qxd5 5. d4 Bg7 6. Na3 cxd4 7. Nb5 Na6 8. Nbxd4 Bg4 9. Be2 Nf6 10. O-O O-O 11.
Be3 Nc5 12. h3 Bd7 13. c4 Qd6 14. Nb5 Qxd1 15. Rfxd1 Ne6 16. Nbd4 Nxd4 17. Bxd4 Be6 18. Ng5 Bf5 19. Rac1 Rfd8 20. Bc3 h6 21. Nf3 Ne4 22. Bxg7 Kxg7 23. Nd4 Bd7 24. Bf3 Nd6 25. c5 Nf5 26.
Nxf5+ Bxf5 27. Bxb7 Rxd1+ 28. Rxd1 Rb8 29. c6 Bc8 30.
Bxc8 Rxc8 31. Rc1 Kf6 32. b4 Ke6 33. b5 Kd6 34. f3 e5 35. Kf2 a6 36. a4 axb5 37.
axb5 Kc7 38. Ke3 Kb6 39. Ke4 f6 40. Kd5 Kxb5 41. Rb1+ Ka6 42. Kd6 Ka5 43. Kd7 Ra8 44. Ra1+ 1-0